 Dungeon Crawl Stone Soup version 0.19.5 (webtiles) character file.

485 StormFighter the Insei (level 6, -1/47 HPs)
             Began as a Draconian Transmuter on Sept 10, 2017.
             Killed from afar by an orc wizard (13 damage)
             ... with a puff of flame
             ... on level 3 of the Dungeon.
             The game lasted 00:08:38 (3326 turns).

StormFighter the Insei (Draconian Transmuter)       Turns: 3326, Time: 00:08:39

Health: -1/47      AC:  2    Str: 12    XL:     6   Next: 88%
Magic:  6/9        EV: 19    Int: 15    God:
Gold:   134        SH:  0    Dex: 17    Spells: 3 memorised, 3 levels left

rFire  . . .     SeeInvis .       - Unarmed
rCold  . . .     Gourm    +     (armour unavailable)
rNeg   . . .     Faith    .     (shield currently unavailable)
rPois  x         Spirit   .     (helmet currently unavailable)
rElec  .         Reflect  .     (cloak currently unavailable)
rCorr  .         Harm     .     (gloves currently unavailable)
MR     +....                    (boots currently unavailable)
Stlth  ++........               h - amulet of the gourmand
                                (no ring)
                                d - ring of protection from magic

@: spider-form
A: unfitting armour, (cold-blooded), AC +6
a: End Transformation


You were on level 3 of the Dungeon.
You were very full.
You were a venomous arachnid creature.
You visited 1 branch of the dungeon, and saw 4 of its levels.

You collected 134 gold pieces.

Inventory:

Missiles
 a - 26 arrows
Jewellery
 d - a ring of protection from magic (left front leg)
 h - an amulet of the gourmand (around neck)
 m - an uncursed amulet of faith
Scrolls
 f - a scroll of blinking {unknown}
 i - 2 scrolls of remove curse {unknown}
 p - a scroll of fear {unknown}
 r - 2 scrolls of fog {unknown}
 s - a scroll of amnesia {unknown}
 t - a scroll of identify {unknown}
 x - a scroll of magic mapping {unknown}
Potions
 e - a potion of curing {unknown}
 g - a potion of invisibility {unknown}
 n - a potion of beneficial mutation {unknown}
 o - a potion of flight {unknown}
 q - a potion of might {unknown}
 u - 2 potions of magic
 v - a potion of mutation {unknown}
Books
 b - a book of Changes

   Spells                             Type                      Level
   a - Beastly Appendage              Transmutation                1
   b - Sticks to Snakes               Transmutation                2
   c - Spider Form                    Transmutation/Poison         3
   d - Ice Form                       Ice/Transmutation            4
   e - Blade Hands                    Transmutation                5
Comestibles
 c - 2 bread rations
 j - 2 meat rations


   Skills:
 - Level 1.1 Fighting
 - Level 1.7 Dodging
 + Level 6.3 Unarmed Combat
 - Level 2.0 Spellcasting
 + Level 3.7 Transmutations
 + Level 3.0 Poison Magic


You had 3 spell levels left.
You knew the following spells:

 Your Spells              Type           Power        Failure   Level  Hunger
a - Beastly Appendage     Tmut           ##....       17%         1    #......
b - Sticks to Snakes      Tmut           ##......     24%         2    ###....
c - Spider Form           Tmut/Pois      ##........   41%         3    ###....


Dungeon Overview and Level Annotations

Branches:
Dungeon (4/15)
 Temple: D:4-7

Altars:

Annotations:
D:3 exclusion: downstairs
D:4 Edmund


Innate Abilities, Weirdness & Mutations

((Your plain brown scales are hard. (AC +6)))
You cannot fit into any form of body armour.
((You are cold-blooded and may be slowed by cold attacks.))


Message History

You start resting.
You start to feel less resistant.
You start resting.
Your ball python withers and dies!
Your resistance to elements expires.
You start resting.
Magic restored.
You start resting.
An orc wizard appears from thin air!
It is wielding a dagger.
Casting: Beastly Appendage
Confirm with . or Enter, or press ? or * to list all spells.
You turn into a venomous arachnid creature.
The orc wizard shouts!
The orc wizard hits you with a dagger.
* * * LOW HITPOINT WARNING * * *
You bite the orc wizard!
The orc wizard is poisoned.
The orc wizard is severely wounded.
The orc wizard gestures at you while chanting.
The puff of flame hits you!
You die...

#..)## #..## #. ######....#
#...#### #.......#.#
##.<..#. #.......#.#
###..#.
#.......#.##########...
#.......#.......#......
#.......##.[...........
#.>...o.#..............
#.....s.#...........)..
#.......#..............
#..<...>#...^..........
####..###..............
########..# ##.............
#......#..#####.....#......
#..........................
######.....####.##########.
##....## #..# ##


You could see an orc wizard.

Vanquished Creatures
  Eustachio (D:4)
  A killer bee (D:3)
  2 howler monkeys (D:3)
  A worker ant (D:3)
  2 adders (D:2)
  An ooze (D:3)
  2 worms (D:2)
  A dart slug (D:1)
  3 leopard geckos
  11 orcs
  13 bats
  2 giant cockroaches
  16 goblins
  8 hobgoblins
  7 jackals
  7 kobolds
  A ball python (D:4)
  7 frilled lizards
  5 rats
91 creatures vanquished.

Vanquished Creatures (collateral kills)
  A killer bee (D:3)
  An orc priest (D:3)
2 creatures vanquished.

Grand Total: 93 creatures vanquished

Notes
Turn   | Place    | Note
-------+----------+-------------------------------------------
     0 | D:1      | StormFighter the Draconian Transmuter began the quest for the Orb.
     0 | D:1      | Reached XP level 1. HP: 16/16 MP: 3/3
    49 | D:1      | Reached XP level 2. HP: 23/23 MP: 3/5
   465 | D:1      | Reached skill level 4 in Unarmed Combat
   532 | D:1      | Reached XP level 3. HP: 28/28 MP: 4/6
   816 | D:2      | Found a faded altar of an unknown god.
  1352 | D:2      | Reached XP level 4. HP: 26/35 MP: 7/7
  1484 | D:2      | Reached skill level 5 in Unarmed Combat
  1899 | D:3      | Learned a level 2 spell: Sticks to Snakes
  1903 | D:3      | Learned a level 3 spell: Spider Form
  2228 | D:3      | Reached skill level 1 in Poison Magic
  2228 | D:3      | Reached XP level 5. HP: 18/40 MP: 4/8
  2386 | D:4      | Noticed Eustachio
  2394 | D:4      | Killed Eustachio
  2394 | D:4      | Reached XP level 6. HP: 42/47 MP: 5/9
  2404 | D:4      | Noticed Edmund
  2456 | D:3      | Reached skill level 6 in Unarmed Combat
  3247 | D:3      | HP: 2/47 [poisoned by a killer bee]
  3326 | D:3      | Killed from afar by an orc wizard

Skill      XL: |  1  2  3  4  5  6 |
---------------+-------------------+-----
Unarmed Combat | 4 5 6 |  6.3
Poison Magic   | 1 2 3 |  3.0
Transmutations | 3 |  3.7
Fighting       | |  1.1
Dodging        | |  1.7
Spellcasting   | |  2.0

Action                   |  1- 3 |  4- 6 || total
-------------------------+-------+-------++-------
Melee: Unarmed           |   147 |   167 ||   314
       Headbutt          |     7 |    10 ||    17
       Tailslap          |     8 |    14 ||    22
       Kick              |     3 |    10 ||    13
       Punch             |     1 |     3 ||     4
 Cast: Beastly Appendage |    10 |    11 ||    21
       Sticks to Snakes  |       |     4 ||     4
       Spider Form       |       |     2 ||     2
  Use: Potion            |       |     5 ||     5
 Stab: Sleeping          |     2 |     1 ||     3
  Eat: Chunk             |    15 |     6 ||    21
Armor: Skin              |    49 |    60 ||   109
Dodge: Dodged            |   110 |   127 ||   237
